[Event "2nd Bieszczady Chess-ch A 2022"]
[Site "Bystre"]
[Date "2022.07.19"]
[Round "2.1"]
[White "Razin, Vadim"]
[Black "Kasperek, Ryszard"]
[Result "1-0"]
[ECO "E12"]
[WhiteElo "2428"]
[BlackElo "2058"]
[Annotator "TA"]
[PlyCount "77"]
[EventDate "2022.07.17"]
[EventCountry "POL"]
[SourceTitle "playchess.com"]
[Source "ChessBase"]
[SourceQuality "1"]
[TimeControl "5400+30"]

1. d4 Nf6 2. Nf3 e6 3. c4 b6 4. a3 Ba6 5. Qc2 Bb7 6. Nc3 c5 7. e4 cxd4 8. Nxd4 Bc5 {[%emt 0:01:57] 8...Nc6 is more fashionable.} 9. Nb3 Nc6 10. Nxc5 {[%emt 0:00:12] E12: Queen's Indian: Unusual White 4th moves, 4 a3, 4 Nc3 Bb7 5 a3 and 4 Nc3 Bb7 .} Nd4 {[%emt 0:08:52] [#]} 11. Qd1 bxc5 12. Bd3 {[%emt 0:01:03] White is slightly better.} d6 13. O-O h6 (13... a5 $11) 14. f4 e5 {[%emt 0:02:33] [#]} (14... O-O $14) 15. b4 $146 (15. fxe5 $16 dxe5 16. b4) ({Predecessor:} 15. f5 a5 16. a4 Qb6 17. Nb5 Bxe4 18. Bxe4 Nxe4 19. Ra3 Nf6 20. Re3 Kf8 21. Bd2 {1-0 (49) Timoscenko,G (2515)-Hauchard,A (2510) Pula 1997}) 15... O-O 16. f5 (16. fxe5 $16 dxe5 17. Nd5 Bxd5 18. exd5) 16... cxb4 17. axb4 Qb6 18. Na4 $1 Qc7 (18... Qxb4 $2 19. Rb1 Qa5 20. Rxb7 $18) 19. Re1 a6 20. Be3 ({Better is} 20. Rb1 $16) 20... Bc6 21. Nc3 Rfe8 (21... Rfb8 $11) 22. Nd5 ({White should play} 22. Bf2 $16) 22... Bxd5 $11 23. exd5 Rab8 24. Rb1 a5 25. b5 Nd7 26. Qg4 {[%emt 0:01:22][%csl LRd4,LRh6] Bxh6 is the strong threat.} Kf8 {[%emt 0:00:05] [#]} 27. Rb2 (27. f6 $1 $16 Nxf6 28. Qh4) 27... Qc5 (27... a4 $11 {keeps the balance.}) 28. f6 (28. Ra1 $16) 28... Nxf6 {[%emt 0:00:21] Pair of Knights!} 29. Qh4 {[%emt 0:00:04] Threatens to win with Rf2.} Qa3 $1 30. Rd2 {[%emt 0:00:29][%cal Oe3h6] Black must now prevent Bxh6!} e4 {[%emt 0:00:34] Strongly threatening ...Nf5.} 31. Bxd4 exd3 32. Ra1 $36 {[%emt 0:01:14][%mdl 2048] White is pushing.} Qb4 33. Rb2 (33. Rxd3 $11 Re4 34. Qg3) 33... Re4 $2 {[#] This move loses the game for Black.} (33... Qxc4 $17 34. Bxf6 Re4) 34. Qg3 $1 $18 {[%emt 0:02:59] White is clearly winning.} Nh5 (34... Qxc4 35. Qxd6+) 35. Qxd3 Re1+ {[%emt 0:00:13] [#]} 36. Kf2 $1 ({Weaker is} 36. Rxe1 Qxe1+ 37. Qf1 Qe4 $11) 36... Nf4 {[%emt 0:01:08] [#]} 37. Qg3 $1 Qxb2+ (37... Re2+ 38. Rxe2) 38. Bxb2 Re2+ 39. Kf1 {[%emt 0:00:16] Weighted Error Value: White=0.28 (precise) /Black=0.42} 1-0

[Event "2nd Bieszczady Chess-ch A 2022"]
[Site "Bystre"]
[Date "2022.07.19"]
[Round "2.2"]
[White "Bugajski, Robert"]
[Black "Marszalek, Maciej"]
[Result "0-1"]
[ECO "E65"]
[WhiteElo "2075"]
[BlackElo "2268"]
[Annotator "TA"]
[PlyCount "82"]
[EventDate "2022.07.17"]
[EventCountry "POL"]
[SourceTitle "playchess.com"]
[Source "ChessBase"]
[SourceQuality "1"]
[TimeControl "5400+30"]

1. d4 Nf6 2. Nf3 g6 3. g3 Bg7 4. Bg2 O-O 5. O-O d6 6. c4 c5 7. Nc3 Nc6 8. dxc5 dxc5 9. Bf4 Be6 {[%emt 0:05:33] 9...Nh5 might become the main line.} 10. Qa4 {[%emt 0:06:43] E65: King's Indian: Fianchetto: 6...c5 7 0-0 without d5 by White.} Qc8 {[%emt 0:09:30] [#]} 11. Rac1 $146 ({Predecessor:} 11. Rad1 Bh3 12. Be3 Bxg2 13. Kxg2 b6 14. Nd5 Re8 15. Nxf6+ Bxf6 16. Rd2 Qb7 17. Kg1 Rad8 18. Rfd1 Kg7 19. b3 Rxd2 20. Rxd2 Rd8 21. Rxd8 {½-½ (21) Sowray,P (2358)-Baker,C (2357) Birmingham 1999}) 11... Bh3 12. Rfd1 {[%emt 0:02:18] The position is equal.} (12. Nd5 $5 ) 12... Bxg2 13. Kxg2 Nh5 14. Be3 b6 15. Rd2 (15. Nd5 $142 Re8 16. b4) 15... Re8 $11 16. a3 Nf6 (16... Bxc3 $5 17. Rxc3 e5 $15) 17. b4 Ng4 18. Nd1 Nxe3+ 19. Nxe3 Nd4 20. bxc5 bxc5 21. Rcd1 Qb7 22. Nc2 Bh6 23. Rd3 e5 ({Reject} 23... Nxe2 24. Re1 Nc1 25. Rd7 $14) 24. Ncxd4 exd4 25. Qc2 (25. Rb3 $15 Qc8 26. Rb2) 25... Rab8 $36 {[%emt 0:01:34][%mdl 2048] White is under strong pressure.} 26. Ra1 Re6 27. Ra2 Qe7 {[%emt 0:06:41] Black is much more active.} 28. Kf1 (28. Rb3 $142 Rxb3 29. Qxb3) 28... Reb6 29. Kg2 Qe6 30. h3 Rb1 31. Nd2 (31. Rd1 $17 Rxd1 32. Qxd1) 31... Bxd2 $19 ({Less strong is} 31... Qxe2 32. Nxb1 Qxc2 33. Rxc2 $16) 32. Rxd2 Qc6+ 33. f3 Qe6 34. Rd3 (34. Rd1 $17 R1b3 35. Rd3) 34... Re1 {[%emt 0:00:59] Strongly threatening ...Rbb1.} 35. Qd2 $2 {[%emt 0:01:28][%mdl 8192] [#] Now White is beyond hope.} (35. Rd1 $17 Rxd1 36. Qxd1) 35... Rbb1 {[%emt 0:00:19] Black mates.} 36. g4 Rg1+ 37. Kh2 Rh1+ 38. Kg2 Rbg1+ 39. Kf2 Qe5 40. f4 Qe4 41. Rf3 Qb1 {[%emt 0:00:00] Weighted Error Value: White=0.42/Black=0.09 (flawless)} 0-1

[Event "2nd Bieszczady Chess-ch A 2022"]
[Site "Bystre"]
[Date "2022.07.19"]
[Round "2.3"]
[White "Sygulski, Piotr"]
[Black "Dzwierzynski, Bartosz"]
[Result "1/2-1/2"]
[ECO "D05"]
[WhiteElo "2013"]
[BlackElo "2129"]
[Annotator "TA"]
[PlyCount "40"]
[EventDate "2022.07.17"]
[EventCountry "POL"]
[SourceTitle "playchess.com"]
[Source "ChessBase"]
[SourceQuality "1"]
[TimeControl "5400+30"]

1. d4 Nf6 2. Nf3 d5 3. e3 e6 4. Bd3 Be7 5. b3 c5 6. Bb2 O-O 7. O-O b6 8. c4 Bb7 9. Qe2 Nbd7 10. Nc3 Ne4 11. Rfd1 cxd4 {[%emt 0:00:27] E14: Queen's Indian: Classical Variation (4 e3).} 12. Nxd4 Nxc3 13. Bxc3 Bf6 {[%emt 0:01:36] [#] White has an edge.} 14. Qc2 $146 {[%emt 0:11:57] aiming for cxd5.} ({Of course not} 14. Qh5 g6 15. Qh6 e5 $11) ({Predecessor:} 14. cxd5 Bxd5 15. Rac1 Qe7 16. Ba6 Rad8 17. Qb5 Bxd4 18. Bxd4 Nb8 19. Be5 Nxa6 20. Qxa6 Rd7 21. Qe2 f6 22. Bb2 Rfd8 23. f3 e5 24. Qa6 Be6 25. Rxd7 Qxd7 26. Qe2 {½-½ (26) Miranda Llanes,Y (2193)-Valdes Vento,Y (1968) Pinar del Rio 2010}) 14... g6 15. Rac1 Nc5 {[%emt 0:06:00] The position is equal.} 16. Be2 Qe7 $1 17. cxd5 Bxd5 18. Bf3 Bxf3 19. Nxf3 Bxc3 20. Qxc3 Rfe8 {[%emt 0:02:57] Weighted Error Value: White=0.13 (very precise) /Black=0.02 (flawless)} (20... Rad8 $11) 1/2-1/2

[Event "2nd Bieszczady Chess-ch A 2022"]
[Site "Bystre"]
[Date "2022.07.19"]
[Round "2.4"]
[White "Babiarz, Arkadiusz"]
[Black "Wilk, Tomasz"]
[Result "0-1"]
[ECO "A00"]
[WhiteElo "2027"]
[BlackElo "1900"]
[Annotator "TA"]
[PlyCount "92"]
[EventDate "2022.07.17"]
[EventCountry "POL"]
[SourceTitle "playchess.com"]
[Source "ChessBase"]
[SourceQuality "1"]
[TimeControl "5400+30"]

1. a3 d5 2. d4 Nf6 3. Nf3 Bf5 4. c4 dxc4 5. e3 {[%emt 0:10:24] [#]} b5 $146 ({Predecessor:} 5... e6 6. Bxc4 Nbd7 7. O-O Be7 8. Nc3 O-O 9. Qe2 Ne4 10. Rd1 c6 11. Bd3 Ndf6 12. Nxe4 Bxe4 13. Bxe4 Nxe4 {½-½ (68) Stoeckert,M (2455)-Michalek,M (2477) ICCF email 2015}) 6. b3 {[%emt 0:02:05] D00: 1 d4 d5: Unusual lines.} ({White should try} 6. a4 $1 $14) 6... cxb3 $11 7. Bxb5+ c6 8. Bd3 {[%emt 0:03:37] Prevents Bc2. The position is equal.} Bxd3 (8... Qa5+ {with more complications.} 9. Bd2 b2 10. Bxa5 bxa1=Q 11. Bxf5 Qb2) 9. Qxd3 Qb6 {[%emt 0:00:10] Hoping for ...b2.} 10. Bb2 {[%emt 0:01:14][%mdl 1024] White has compensation.} Nbd7 11. Nbd2 a5 12. a4 ({Not} 12. Qxb3 Qxb3 13. Nxb3 Rb8 14. Nxa5 (14. Nfd2 $2 a4 $19) 14... Rxb2 $19) 12... e6 13. O-O Be7 14. Nc4 {[%emt 0:03:50][%mdl 64] [#] Deflection} Qc7 ({Better is} 14... Qa6 $1 $11) 15. Ba3 Bxa3 16. Rxa3 O-O 17. Rxb3 c5 18. Rfb1 cxd4 19. Qxd4 Nc5 20. Rb5 Nxa4 21. Nfe5 Nd5 {[%emt 0:03:24] Threatens to win with ...Nac3.} 22. Rb7 Rab8 $2 {[%emt 0:06:31] [#]} (22... Qc5 $11) 23. Rxb8 $2 (23. Qa7 $1 $16 {[%cal Ra7b8] is forced if you want to stay better.} Rxb7 24. Rxb7) 23... Rxb8 $17 24. Rxb8+ Qxb8 25. g3 Nac3 $40 {[%emt 0:00:14][%mdl 128] aiming for ...Ne2+. Black is out for blood.} 26. Qc5 a4 {[%emt 0:02:19] And now ...h6 would win.} 27. Nd6 $2 {[%emt 0:01:24] Now White is beyond hope.} (27. Qc6 $17 {was worth a try.}) 27... Qc7 $19 28. Qa3 Nb1 29. Qxa4 Qxd6 30. Qa8+ (30. Qa7 $142 Qf8 31. Nxf7) 30... Qf8 31. Qb7 Nbc3 32. h4 g6 33. h5 (33. Qa7 $142) 33... gxh5 34. Nd7 Qd6 35. Qc8+ Kg7 36. f4 Ne4 37. Ne5 Qc7 (37... Qa3 $142 38. Nd3 Qxd3 39. Qc1 Qe2 40. Qf1 Qxe3+ 41. Kh2 Qxg3+ 42. Kh1 Nf2+ 43. Qxf2 Qxf2 44. f5 Nf6 45. fxe6 Ng4 46. exf7 Qh2#) 38. Qxc7 {[%emt 0:00:20] Black is clearly winning.} Nxc7 39. Kg2 Nd5 40. Kf3 f5 41. Nc4 Nef6 42. Nd6 Kg6 43. Nb7 Ne4 44. Nd8 Kf6 45. Nc6 Nd2+ 46. Ke2 Nc4 {[%emt 0:00:00] Weighted Error Value: White=0.71/Black=0.37} 0-1

[Event "2nd Bieszczady Chess-ch A 2022"]
[Site "Bystre"]
[Date "2022.07.19"]
[Round "2.5"]
[White "Kyc, Jerzy"]
[Black "Kopacz, Lukasz"]
[Result "1-0"]
[ECO "B76"]
[WhiteElo "2203"]
[BlackElo "1821"]
[Annotator "TA"]
[PlyCount "159"]
[EventDate "2022.07.17"]
[EventCountry "POL"]
[SourceTitle "playchess.com"]
[Source "ChessBase"]
[SourceQuality "1"]
[TimeControl "5400+30"]

1. e4 c5 2. Nf3 d6 3. d4 cxd4 4. Nxd4 Nf6 5. Nc3 g6 6. Be3 Bg7 7. f3 O-O 8. Qd2 Nc6 9. O-O-O d5 10. exd5 Nxd5 11. Nxc6 bxc6 12. Bd4 e5 13. Bc5 Be6 {[%emt 0:02:47] 13...Re8 injects fresh life into this line.} 14. Ne4 Re8 15. h4 Nb6 {[%emt 0:26:15] B76: Sicilian Dragon: Yugoslav Attack, 9 g4 and 9 0-0-0.} 16. Qe1 Qb8 17. Bd6 {[%emt 0:00:29] [#]} Qb7 $146 ({Better is} 17... Qc8) ({Predecessor:} 17... Qc8 18. h5 f5 19. Nc5 Bd5 20. hxg6 hxg6 21. Qg3 Kf7 22. Rh7 f4 23. Qh2 Qf5 {1-0 (32) Schussler,H-Kristensen,L Groningen 1976}) 18. Nc5 Qc8 19. h5 (19. Bxe5 $2 Bd5 20. Nd3 Nd7 $19) 19... f6 $2 (19... Qd8 $16 {was called for.}) 20. hxg6 $18 hxg6 21. Ba6 Qd8 22. Nxe6 ({Much less strong is} 22. Qh4 Nd5 $18) (22. Nb7 $142 Qd7 23. Nc5) 22... Rxe6 23. Bc5 {[%emt 0:01:09] A strong pair of Bishops.} Nd5 24. c4 ({Don't take} 24. Qh4 $6 Qa5 $16) 24... Qc7 {[%emt 0:00:22] Prevents Bb7.} 25. cxd5 ({Resist} 25. Qh4 $6 Rd8 $14) 25... cxd5 {[%emt 0:00:06] [#]} 26. Rxd5 {[%emt 0:00:01] Bc4 is the strong threat.} Rxa6 27. Kb1 (27. Qh4 $18 {Black must now prevent Qh7+.} Rc8 28. Kb1) 27... Rc6 28. Be3 {[%emt 0:03:21] White is much more active.} Rd6 {[%emt 0:02:35] [#]} ({Black should play} 28... Qf7 29. Qd2 Rc7) 29. Rxd6 (29. Qd1 $1 $16 Rad8 30. Rxd6 Rxd6 31. Qb3+ Qf7 32. Qb8+ Bf8 33. Qxa7 Qxa7 34. Bxa7) 29... Qxd6 $14 30. Qc3 {[%emt 0:01:16] Against Qd3+} Qe6 {[%emt 0:00:43] Against Qc4} 31. Qd3 Qf5 32. Qxf5 (32. Kc2 {looks sharper.} Rc8+ 33. Kd2 e4 34. Qb3+) 32... gxf5 $11 {[%emt 0:00:04][%mdl 4096] Endgame KRB-KRB} 33. Rd1 f4 34. Bc5 f5 35. Rd7 a6 36. Bd6 Re8 37. a4 Re6 38. b4 Bf8 39. Bxf8 Kxf8 {[%emt 0:00:01] KR-KR} 40. b5 axb5 41. axb5 Ke8 42. Rd5 e4 {[%emt 0:00:00] aiming for ...e3.} 43. Kc1 exf3 44. gxf3 Re3 45. Kc2 {[%emt 0:00:00] Threatens to win with b6.} Rxf3 46. b6 Rf2+ 47. Kc3 {[%emt 0:00:00] b7 would kill now.} Rf1 48. Kb2 {[%emt 0:12:51] Threatening mate with b7.} Rf2+ 49. Ka3 $1 {[%emt 0:03:24] White threatens b7 and mate.} Rf1 50. Ka4 {[%emt 0:05:21] White wants to mate with b7.} Rb1 51. Ka5 $1 f3 52. Rxf5 Rb3 53. Ka6 Kd7 54. b7 Kc6 55. Rf6+ $1 Kc7 56. Rf7+ Kc6 57. Ka7 f2 (57... Ra3+ $11 58. Kb8 Kd6) 58. Rf6+ Kc7 59. Rf7+ Kc6 {[%emt 0:00:13][%cal Ob3b7] ( -> ...Rxb7+!)} 60. b8=N+ $14 {[%emt 0:02:26][%cal Bb7b8,Bb8a6,Ba6c7,Bc7b5][%mdl 32] KRN-KR} Kd6 61. Rxf2 Kc7 62. Na6+ Kd6 63. Rc2 Rb1 64. Nc7 Rb3 65. Ka6 Rb1 66. Nb5+ Kd7 67. Kb6 Rh1 68. Rc6 Rb1 69. Rh6 Rb2 70. Kc5 Rc2+ 71. Kd5 Re2 72. Nd4 Re7 73. Ra6 Ke8 74. Nf5 Rd7+ $2 (74... Re1 $14) 75. Ke6 Rd8 76. Ng7+ Kf8 77. Kf6 {[%emt 0:00:04] White mates.} Kg8 78. Ne6 Rd1 79. Ra8+ Kh7 80. Ng5+ {[%emt 0:00:01] Weighted Error Value: White=0.14 (very precise) /Black=0.18 (very precise)} 1-0

[Event "2nd Bieszczady Chess-ch A 2022"]
[Site "Bystre"]
[Date "2022.07.19"]
[Round "2.6"]
[White "Tymrakiewicz, Rafal"]
[Black "Maksimenko, Andrei Jr"]
[Result "1-0"]
[ECO "B42"]
[WhiteElo "2205"]
[BlackElo "1897"]
[Annotator "TA"]
[PlyCount "87"]
[EventDate "2022.07.17"]
[EventCountry "POL"]
[SourceTitle "playchess.com"]
[Source "ChessBase"]
[SourceQuality "1"]
[TimeControl "5400+30"]

1. d4 e6 2. Nf3 c5 3. e4 cxd4 4. Nxd4 a6 5. Bd3 Qc7 6. Be3 Nf6 7. O-O b5 {[%emt 0:05:29] B42: Sicilian: Kan Variation: 5 Bd3.} (7... Bc5 $11 {remains equal.}) 8. a4 bxa4 9. Rxa4 Bb7 {[%emt 0:07:40] White is slightly better.} 10. Nc3 {[%emt 0:00:30] White is more active.} d5 $2 (10... Nc6 $1 $14) 11. exd5 $18 Nxd5 12. Nxd5 Bxd5 13. Qg4 {[%emt 0:05:00] [#] aiming for Be4.} Nd7 $146 ({Predecessor:} 13... g6 14. f4 Bg7 15. f5 Bc6 16. Nxc6 Qxc6 17. fxe6 O-O 18. Rxf7 Rxf7 19. exf7+ Kf8 {1-0 (28) Kapr,K (2035)-Strassburg,R Berlin 2015}) 14. Rxa6 Rxa6 15. Bxa6 Bd6 (15... h5 $142 16. Qe2 Bd6) 16. Qh3 (16. Qxg7 Bxh2+ 17. Kh1 Be5 $11) (16. c4 $142 Nf6 17. Bb5+ (17. Qxg7 Rg8 $16) 17... Kf8 18. Qh4) 16... O-O 17. Bd3 {[%emt 0:00:23][%csl Gd3][%cal Rh3h7] [#]} Nf6 18. Nb5 Qc6 19. Nxd6 ({Much less strong is} 19. Bg5 Ne4 $16) 19... Qxd6 20. Qh4 Qc6 21. f3 {[%emt 0:03:07] Black must now prevent c4.} Rc8 22. Bd4 Bc4 {[%emt 0:00:35] [#]} 23. Bxc4 $40 {[%emt 0:01:30][%mdl 128] White wants a kill.} ({Don't do} 23. Bxf6 $6 Bxd3 24. cxd3 gxf6 $16) 23... Qxc4 24. Bxf6 gxf6 25. Qxc4 ({Don't take} 25. Qxf6 $6 Qxc2 26. h3 Rb8 $16) 25... Rxc4 {[%emt 0:00:04][%mdl 4096] Endgame KR-KR} 26. c3 f5 27. Kf2 Kg7 (27... Kf8 $142 28. Ra1 Rh4) 28. Ke3 e5 29. Kd3 Rc8 (29... Ra4 30. b4 Kf6) 30. c4 Kf6 31. b4 Ke6 32. c5 Kd5 33. Kc3 Ra8 34. Rd1+ Ke6 35. c6 e4 36. fxe4 fxe4 37. b5 {[%emt 0:00:15][%cal Bb4b5,Bb5b6,Bb6b7][%mdl 32] b6 is the strong threat.} Rc8 38. Kc4 f5 39. g3 {[%emt 0:00:47][%cal Bg2g3,Bg3f4][%mdl 32] And now Kc5 would win.} h5 40. Kc5 f4 41. gxf4 {[%emt 0:00:00] White wants to mate with b6.} Kf5 42. b6 {[%emt 0:00:00] White mates.} e3 43. b7 Re8 44. c7 {[%emt 0:00:00] Black did not feel at home in the position after the opening.  Weighted Error Value: White=0.09 (flawless) /Black=0.69} 1-0

[Event "2nd Bieszczady Chess-ch A 2022"]
[Site "Bystre"]
[Date "2022.07.19"]
[Round "2.7"]
[White "Palacki, Rafal"]
[Black "Kucharski, Bartlomiej"]
[Result "1/2-1/2"]
[ECO "B06"]
[WhiteElo "1832"]
[BlackElo "2003"]
[Annotator "TA"]
[PlyCount "105"]
[EventDate "2022.07.17"]
[EventCountry "POL"]
[SourceTitle "playchess.com"]
[Source "ChessBase"]
[SourceQuality "1"]
[TimeControl "5400+30"]

1. e4 d6 2. d4 g6 3. Nc3 Bg7 4. Be3 a6 5. a4 b6 6. Bc4 e6 $1 {[%emt 0:04:14] The main line 6...e6 scores better than 6...Bb7. B06: Modern Defence.} 7. f4 (7. d5) ({White should play} 7. d5 $14) 7... Bb7 $11 8. Nf3 {[%emt 0:00:26] [#]} Nf6 $146 (8... Ne7 9. O-O d5 10. exd5 Nxd5 11. Nxd5 Bxd5 12. Bd3 a5 13. Ne5 O-O 14. Qg4 Nd7) ({Predecessor:} 8... Ne7 9. O-O d5 10. exd5 Nxd5 11. Nxd5 Bxd5 12. Bd3 a5 13. Ne5 O-O 14. Qg4 Nd7 {0-1 (64) Thing,B (2222)-Vavulin,M (2556) Moscow 2019}) 9. e5 Ng4 10. Bc1 (10. Qe2) 10... d5 (10... dxe5 11. dxe5 (11. fxe5 c5) 11... Qxd1+ 12. Nxd1 Nc6) 11. Be2 h5 (11... c5 $1 $11) 12. Ng5 (12. h3 Nh6 $11) (12. O-O $16) 12... Nh6 13. Be3 (13. a5 $14) 13... Nd7 (13... c5 $15) 14. O-O c5 15. Bf2 Nf5 (15... cxd4 {keeps more tension.} 16. Qxd4 Ng4 17. Bh4 Qc7) 16. dxc5 (16. Bd3) (16. Bd3 $142) 16... bxc5 17. Bf3 {[%emt 0:00:12] [#]} (17. h4) (17. h4 $11 {and White stays safe.}) 17... Qe7 (17... Nxe5 18. Bxc5 (18. fxe5 Qxg5) 18... Rc8) (17... Nxe5 $1 $19 18. Bxc5 (18. fxe5 Qxg5) 18... Rc8) 18. Nxd5 Bxd5 19. Bxd5 exd5 20. Qxd5 O-O 21. Rad1 (21. Rfe1 $15) 21... Rfd8 {[%emt 0:07:03] [#]} (21... Nd4 22. Bxd4 cxd4) (21... Nd4 $1 $17 {[%cal Rd4e2] And now ...Ne2+ would win.} 22. Nf3 Rfd8 23. Nxd4 cxd4) 22. e6 {[%emt 0:00:54] [#]} (22. Nxf7 Qxf7 23. e6) (22. Nxf7 $1 $11 Qxf7 23. e6) 22... Nf6 $2 (22... fxe6 23. Qxe6+ Qxe6 24. Nxe6 $14) (22... Ne5 $1 $15 {keeps the upper hand.} 23. Qb3 (23. Qa2 Bf6) 23... Bh6 24. exf7+ Nxf7) 23. exf7+ $16 Kh8 24. Qxc5 Bf8 (24... Qxc5 $16 {was necessary.} 25. Bxc5 Rdc8) 25. Qxe7 $18 {[%emt 0:08:11] Chess con chili.} Bxe7 26. Ne6 (26. Rxd8+ $1 $18 Rxd8 27. Re1) 26... Rdc8 $1 $14 27. c3 Nh6 (27... Rab8 $14) 28. Rfe1 {[%emt 0:03:44] White is much more active.} (28. Rde1) 28... Nxf7 29. Ng5 $1 $36 {[%emt 0:00:03][%mdl 2048] White is really pushing.} Nxg5 30. fxg5 Ng8 31. h4 Bc5 32. Re6 Bxf2+ 33. Kxf2 Rc4 (33... Rf8+ 34. Kg3 Rab8) 34. Rxg6 ({Better is} 34. a5 $16) 34... Rf8+ {[%emt 0:01:00] [#]} (34... Ne7 35. Rh6+ Kg8) (34... Ne7 $14 35. Re6 Rf4+ 36. Ke3 Rf7) 35. Kg3 (35. Kg1 $1 $16) 35... Ne7 $11 36. Rh6+ Kg7 37. Rxh5 (37. Rd7 $11 Rf7 38. Kh3) 37... Nf5+ $17 38. Kh3 {[%emt 0:00:24] [#] aiming for Rf1.} Kg6 $1 39. g4 {[%emt 0:00:23] [#] Hoping for Rf1.} Re8 $1 40. Rd3 {[%emt 0:00:00] Threatens to win with Rf3.} ({Don't go for} 40. gxf5+ $2 Kxh5 41. g6 Rxh4+ 42. Kg2 Rxa4 $19) 40... Rxa4 41. Rf3 $14 Ne3 42. Rh6+ Kg7 43. Rhf6 {[%emt 0:00:00] Threatening R3f4.} (43. h5 $5 Nxg4 44. Rc6 $16 (44. Rg6+ Kh7 $16)) 43... Nxg4 44. Rf7+ Kg8 ({Don't play} 44... Kg6 45. R7f4 Rxf4 46. Rxf4 $16) 45. R7f4 Rxf4 46. Rxf4 $11 {[%emt 0:00:00][%mdl 4096] Endgame KRN-KR} Ne3 47. Rf6 {[%emt 0:00:00][%mdl 1024] White has compensation.} a5 {[%emt 0:00:00] The position is equal.} 48. Ra6 Nc4 49. b3 Nd2 50. b4 axb4 51. cxb4 Rb8 52. Ra4 Ne4 53. b5 {[%emt 0:01:55] Weighted Error Value: White=0.35/Black=0.34} 1/2-1/2

[Event "2nd Bieszczady Chess-ch A 2022"]
[Site "Bystre"]
[Date "2022.07.19"]
[Round "2.8"]
[White "Hnatyshyn, Anastasiia"]
[Black "Janzer, Hubert"]
[Result "1-0"]
[ECO "C06"]
[WhiteElo "1931"]
[BlackElo "1839"]
[Annotator "TA"]
[PlyCount "109"]
[EventDate "2022.07.17"]
[EventCountry "POL"]
[SourceTitle "playchess.com"]
[Source "ChessBase"]
[SourceQuality "1"]
[TimeControl "5400+30"]

1. e4 e6 2. d4 d5 3. Nd2 Nf6 4. e5 Nfd7 5. Bd3 c5 6. c3 Nc6 7. Ne2 cxd4 8. cxd4 f6 9. exf6 Nxf6 10. Nf3 Bd6 11. O-O Qc7 12. Bd2 O-O {[%emt 0:00:35] C06: French Tarrasch: 3...Nf6 4 e5 Nfd7 5 Bd3 main lines.} 13. Rc1 Bd7 14. Ng3 Qb6 {[%emt 0:11:44][%csl LRb2,LRd4] The position is equal.} 15. Bc3 Bf4 {[%emt 0:02:35] Against Qd2} 16. Ra1 Rac8 {[%emt 0:03:43] [#]} 17. Ne5 $146 ({Predecessor:} 17. Re1 Kh8 18. Bc2 a6 19. a3 Bh6 20. Ba4 Nb8 21. Bb4 Bxa4 22. Qxa4 Rfe8 23. Ne5 {½-½ (68) Guido,F (2367)-Bruno,F (2417) Arco 2015}) 17... Be8 18. Ng4 (18. Nxc6 $11 Rxc6 19. Qf3) 18... Ne7 19. Re1 Bg6 20. Bxg6 Nxg6 21. Nxf6+ gxf6 (21... Rxf6 $11 22. a3 Bd6) 22. Nh5 $14 Bb8 23. Re3 Qd6 24. Rh3 (24. f4 $16) 24... b6 (24... Rf7 $11) 25. Qd2 {[%emt 0:01:22] [#] Strongly threatening Bb4.} a5 {[%emt 0:01:54] Against Bb4} 26. Rd1 Nf4 27. Nxf4 Qxf4 28. Qe2 Qd6 29. Rdd3 {[%emt 0:03:20] Threatens to win with Qg4+.} Rf7 30. Qh5 Qe7 (30... Qf4 31. Rde3 (31. Bd2 Qf5 $11) 31... Qf5 32. Qxf5 exf5 33. Rh5 $16) 31. Rde3 b5 ({Better is} 31... Rg7 $14) 32. Qg4+ (32. Bxa5 $16 b4 33. Re1) 32... Rg7 33. Qxe6+ (33. Qe2 {is interesting.} Qd7 34. Bxa5 Rc1+ 35. Be1) 33... Qxe6 34. Rxe6 {[%emt 0:00:04] Threatening g3.} b4 35. Be1 Kf7 36. Rhe3 (36. Re2 $5 ) 36... Rg4 (36... Be5 $11 37. Ra6 Bxd4) 37. Re7+ Kg6 38. Rd3 (38. Re8 $1 $14 Rxe8 39. Rxe8) 38... Rc2 39. Re8 Ba7 40. Rg8+ Kf5 41. Rxg4 ({But not} 41. Rf3+ Rf4 42. Ra8 Bxd4 43. Rxa5 Rxb2 $17) 41... Kxg4 42. Rd2 $1 Rxd2 {[%emt 0:00:00][%mdl 64] [#] Remove Defender} 43. Bxd2 Bxd4 $11 {[%emt 0:00:00][%mdl 4096] Endgame KB-KB} 44. b3 Bc3 (44... Kf5 $11 45. Kf1 Bc3) 45. Bc1 d4 $2 {[%emt 0:00:00][%mdl 8192] This costs Black the game.} ({Black should try} 45... Kf5 $14 46. f3 h5) 46. f3+ $18 Kf5 {[%emt 0:00:00] Hoping for ...d3.} 47. Kf2 h5 (47... Ke6 {might work better.} 48. Ke2 Ke5) 48. Ke2 {[%emt 0:00:00] White is clearly winning.} Ke5 49. Kd3 Kd5 50. Bf4 f5 51. Bc7 Kc5 52. Bxa5 Be1 53. Bd8 Kd5 54. Be7 Ke6 55. Bc5 {[%emt 0:00:17] Weighted Error Value: White=0.17 (very precise) /Black=0.45} 1-0

[Event "2nd Bieszczady Chess-ch A 2022"]
[Site "Bystre"]
[Date "2022.07.19"]
[Round "3.1"]
[White "Wilk, Tomasz"]
[Black "Razin, Vadim"]
[Result "0-1"]
[ECO "C00"]
[WhiteElo "1900"]
[BlackElo "2428"]
[Annotator "TA"]
[PlyCount "54"]
[EventDate "2022.07.17"]
[EventCountry "POL"]
[SourceTitle "playchess.com"]
[Source "ChessBase"]
[SourceQuality "1"]
[TimeControl "5400+30"]

1. e4 e6 2. d3 d5 3. Nd2 Nf6 4. Ngf3 Nc6 5. e5 Nd7 6. d4 f6 7. exf6 Qxf6 8. Bd3 {[%emt 0:02:37] [#] C00: French: Unusual White 2nd moves.} Nxd4 $146 ({Predecessor:} 8... Bd6 9. O-O O-O 10. c3 Kh8 11. Qb3 Nb6 12. Qc2 h6 13. b4 a6 14. Bb2 e5 15. dxe5 Nxe5 16. Nxe5 Qxe5 {½-½ (35) Martin Alvarez,I (2092)-Espineira Gonzalez,D (2341) Lorca 2006}) 9. Nxd4 Qxd4 10. Qh5+ ({White should play} 10. Nf3 $15 Qf6 11. O-O) 10... g6 $17 11. Qe2 Qe5 12. O-O Qxe2 13. Bxe2 Bg7 14. h4 O-O 15. Nf3 c6 16. c3 Nc5 17. Be3 {[%emt 0:00:44] [#]} Na4 18. Rab1 e5 19. Bd1 Nb6 20. Bc5 Re8 21. Bb3 Bf5 22. Rbc1 Bd3 23. Rfe1 Nc4 24. Rcd1 $2 {[%emt 0:00:36] [#]} (24. Bxc4 Bxc4 25. a4) 24... Nxb2 $19 25. Rd2 e4 26. Nd4 Nc4 27. Bxc4 Bxc4 {[%emt 0:00:08] White got outplayed after the opening.  Weighted Error Value: White=0.31/Black=0.02 (flawless)} 0-1